 Dungeon Crawl Stone Soup version 0.31-a0-233-g139696dc86 (webtiles) character file.

Game seed: 13473344610848216683

594 Tocho the Slasher (level 7, -5/52 HPs)
             Began as a Human Reaver on July 9, 2023.
             Was an Initiate of Okawaru.
             Killed by divine providence
             ... invoked by an orc priest
              (12 damage)
             ... on level 5 of the Dungeon.
             The game lasted 00:13:27 (4706 turns).

Tocho the Slasher (Human Reaver)                    Turns: 4706, Time: 00:13:28

Health: -5/52      AC: 12    Str: 26    XL:     7   Next: 67%
Magic:  10/10      EV: 12    Int: 14    God:    Okawaru [......]
Gold:   219        SH:  0    Dex: 17    Spells: 7/10 levels left

rFire   . . .        a - +1 falchion
rCold   . . .        v - orb {*channel}
rNeg    . . .        C - +2 ring mail {rF+}
rPois   .            w - +0 helmet
rElec   .            p - +0 cloak {rCorr}
rCorr   +            b - +0 pair of gloves
SInv    .            d - +0 pair of boots
Will    .....        (no amulet)
Stlth   +            z - +6 ring of strength
HPRegen 0.28/turn    g - ring of Autumn {rF- rCorr Str+6 Dex+6}
MPRegen 0.12/turn

%: channel magic (20%)
@: no status effects
A: no striking features
a: Renounce Religion


You were on level 5 of the Dungeon.
You worshipped Okawaru.
Okawaru was noncommittal.
You visited 1 branch of the dungeon, and saw 5 of its levels.

You collected 219 gold pieces.

Inventory:

Hand Weapons
 a - a +1 falchion (weapon)
Missiles
 t - 8 poisoned darts
Armour
 b - a +0 pair of gloves (worn)
 c - a +0 scale mail
 d - a +0 pair of boots (worn)
 p - a +0 cloak of preservation (worn)
 v - an orb of energy (worn)
 w - a +0 helmet (worn)
 C - a +2 ring mail of fire resistance (worn)
Jewellery
 g - the ring of Autumn (right hand) {rF- rCorr Str+6 Dex+6}
   (You found it on level 2 of the Dungeon)

   [ring of dexterity]

   Str:       It affects your strength (+6).
   Dex:       It affects your dexterity (+6).
   rF:        It makes you vulnerable to fire.
   rCorr:     It protects you from acid and corrosion.
 z - a +6 ring of strength (left hand)
Wands
 m - a wand of digging (5)
 q - a wand of iceblast (7)
Scrolls
 j - 7 scrolls of teleportation
 n - a scroll of enchant armour {unknown}
 r - a scroll of amnesia {unknown}
 s - a scroll of immolation {unknown}
 x - a scroll of fog {unknown}
 y - a scroll of vulnerability {unknown}
 A - a scroll of brand weapon {unknown}
Potions
 i - a potion of cancellation
 k - a potion of ambrosia
 l - 3 potions of curing
 o - a potion of degeneration {unknown}
 u - a potion of haste {unknown}


   Skills:
 + Level 3.0 Fighting
 + Level 5.6 Long Blades
 + Level 3.9 Armour
 + Level 3.1 Dodging
 + Level 2.4 Spellcasting
 + Level 3.4 Conjurations
 + Level 0.4 Necromancy


You had 7 spell levels left.
You knew the following spells:

 Your Spells              Type           Power      Damage    Failure   Level
a - Kiss of Death         Conj/Necr      28%        2d7       34%         1
b - Momentum Strike       Conj/Tloc      12%        3d8       47%         2

Your spell library contained the following spells:

 Spells                   Type           Power      Damage    Failure   Level
 Hailstorm                Conj/Ice       6%         3d4       67%         3


Dungeon Overview and Level Annotations

Branches:
Dungeon (5/15)
 Temple: D:4-7

Altars:
Okawaru
Xom

Shops:
D:5 *


Message History

Things that are here:
a +0 dagger; a +0 robe; an orc corpse The orc wizard attacks as you move away!
The orc wizard hits you but does no damage.
The orc barely misses you.
The orc wizard hits you but does no damage.
The orc warrior hits you with a +0 halberd.
The orc wizard attacks as you move away!
The orc wizard hits you but does no damage.
You feel less confused.
The orc wizard shouts!
The orc wizard mumbles some strange words.
The orc wizard flickers and vanishes!
The orc priest hits you but does no damage.
The orc wizard mumbles some strange words.
The orc wizard flickers and vanishes!
The orc warrior barely misses you.
The orc wizard attacks as you move away!
The orc wizard misses you. The orc attacks as you move away!
The orc hits you but does no damage.
The orc priest calls upon Beogh to heal the orc wizard.
The orc wizard's wounds heal themselves!
The orc warrior barely misses you.
As you read the scroll labelled QIMARUE ZONIU, it crumbles to dust.
It is a scroll of enchant weapon.
Your +0 falchion glows red for a moment.
The orc hits you but does no damage.
The orc wizard hits you but does no damage.
The orc priest hits you with a +0 hand axe.
* * * LOW HITPOINT WARNING * * *
The orc warrior closely misses you.
Blink to where?
Press: ? - help, Dir - move target
As you read the scroll of blinking, it crumbles to dust.
A puff of flame appears from out of thin air!
The puff of flame hits you!
* * * LOW HITPOINT WARNING * * *
There is an escape hatch in the floor here.
The orc priest invokes the aid of Beogh against you.
Beogh smites you!
You die...

...# ##.......## #..............
...# ###...#)#..###.......######.
...# #.##.##)##.............## #.
...###.)..##.#####...........###.
....##....##.# ##########......
.....#))..##.#### #...#..
......).........# ###....
[..#............########### #####
...#............@...#.....##
#######....................## #
#.....................#####
##....................##...
......................##.§.
#.............o.......##...
#.............ooo....<.....
##............{......##....
##...#.......#......#...≈.


You could see an orc warrior, an orc priest, an orc wizard and an orc.

Vanquished Creatures
  Sigmund (D:2)
  An ogre (D:4)
  A centaur (D:5)
  A hound (D:5)
  Crazy Yiuf (D:4)
  An iguana (D:4)
  2 orc wizards (D:5)
  3 adders
  An ufetubus (D:4)
  A worm (D:2)
  5 dart slugs
  11 orcs
  A ball python (D:1)
  5 endoplasms
  5 giant cockroaches
  9 goblins
  5 hobgoblins
  7 jackals (D:1)
  2 quokkas (D:1)
  10 bats
  3 frilled lizards
  2 kobolds
  10 rats
88 creatures vanquished.

Vanquished Creatures (others)
  A goblin (D:1)
1 creature vanquished.

Grand Total: 89 creatures vanquished

Notes
Turn   | Place    | Note
-------+----------+-------------------------------------------
     0 | D:1      | Tocho the Human Reaver began the quest for the Orb.
     0 | D:1      | Reached XP level 1. HP: 16/16 MP: 3/3
    38 | D:1      | Reached XP level 2. HP: 13/22 MP: 5/5
   276 | D:1      | Reached XP level 3. HP: 26/27 MP: 6/6
   593 | D:1      | Learned a level 2 spell: Momentum Strike
  1226 | D:2      | Identified the ring of Autumn {rF- rCorr Str+6 Dex+6}
  1235 | D:2      | Reached XP level 4. HP: 33/33 MP: 7/7
  1320 | D:2      | Noticed Sigmund
  1701 | D:2      | Killed Sigmund
  1702 | D:2      | Reached skill level 4 in Long Blades
  1702 | D:2      | Reached XP level 5. HP: 11/39 MP: 4/8
  1702 | D:2      | Reached XP level 6. HP: 13/46 MP: 4/9
  2255 | D:3      | Found a shimmering altar of Xom.
  2611 | D:3      | Found a faded altar of an unknown god.
  3164 | D:4      | Noticed an ogre
  3176 | D:4      | Killed an ogre
  3177 | D:4      | Reached skill level 5 in Long Blades
  3177 | D:4      | Reached XP level 7. HP: 43/51 MP: 10/10
  3223 | D:4      | Found an iron altar of Okawaru.
  3257 | D:4      | Became a worshipper of Warmaster Okawaru
  3314 | D:4      | Found a runed translucent door.
  3315 | D:4      | Noticed Crazy Yiuf
  3932 | D:4      | Killed Crazy Yiuf
  3985 | D:5      | Entered Level 5 of the Dungeon
  3985 | D:5      | Found Ynoa's Elemental Accessories.
  4706 | D:5      | Killed from afar by an orc priest

Illustrated notes

Levels and vault maps discovered:
D:1:      scummos_arrival_forest, layout_loops_ring, lemuel_flame_loot_1
D:2:      layout_loops_ring, st_stairs_13, uniq_sigmund
D:3:      layout_loops_ring, lemuel_tele_altar, basic_ecumenical_altar
D:4:      layout_basic, okawaru_ov_weapons_minmay, uniq_crazy_yiuf_cottage
D:5:      layout_rooms, worldfamousw_hep_ancestral_shrine, minmay_crystal_water,
          nicolae_elemental_shop

Skill      XL: |  1  2  3  4  5  6  7 |
---------------+----------------------+-----
Long Blades    | 4 5 |  5.6
Armour         | 2 3 |  3.9
Fighting       | 3 |  3.0
Dodging        | 3 |  3.1
Spellcasting   | |  2.4
Conjurations   | |  3.4
Necromancy     | |  0.4

Action                     |  1- 3 |  4- 6 |  7- 9 || total
---------------------------+-------+-------+-------++-------
  Melee: Falchion          |   109 |   115 |   122 ||   346
         Punch             |     1 |       |     1 ||     2
   Cast: Kiss of Death     |       |     5 |     1 ||     6
    Use: Scroll            |     1 |     3 |     5 ||     9
         Potion            |       |     1 |     3 ||     4
 Armour: Leather armour    |    16 |       |       ||    16
         Scale mail        |    58 |     2 |       ||    60
         Ring mail         |       |    27 |   111 ||   138
  Dodge: Dodged            |    73 |    58 |   136 ||   267

Table legend: (Time is in decaauts)
 A = Elapsed time spent in this place.
 B = Non-inter-level travel time spent in this place.
 C = Inter-level travel time spent in this place.
 D = Time resting spent in this place.
 E = Time spent auto-exploring this place.
 F = Levels seen in this place.
 G = Mean time per level.
                   A        B        C        D        E       F      G
               +--------+--------+--------+--------+--------+-----+--------+
         Total |   4735 |   4459 |    276 |    241 |   3199 |   5 |  947.0 |
       Dungeon |   4735 |   4459 |    276 |    241 |   3199 |   5 |  947.0 |
               +--------+--------+--------+--------+--------+-----+--------+

Top non-repeatable levels by time:
     D:1: 1447 daAuts
     D:4: 1013 daAuts
     D:2: 796 daAuts
     D:3: 754 daAuts
     D:5: 723 daAuts
